 Dungeon Crawl Stone Soup version 0.28-a0-1233-g92def6ad0a (webtiles) character file.

Game seed: 12918411353812763424

100 ChaosChampion the Skirmisher (level 4, -2/41 HPs)
             Began as a Hill Orc Fighter on Dec 23, 2021.
             Slain by Grinder (5 damage)
             ... on level 3 of the Dungeon.
             The game lasted 00:02:37 (2303 turns).

ChaosChampion the Skirmisher (Hill Orc Fighter)     Turns: 2303, Time: 00:02:38

Health: -2/41      AC:  7    Str: 20    XL:     4   Next: 73%
Magic:  4/4        EV:  9    Int:  8    God:
Gold:   99         SH:  4    Dex: 10    Spells: 3/3 levels left

rFire   . . .      SeeInvis .   a - +0 war axe
rCold   . . .      Faith    .   c - +0 buckler
rNeg    . . .      Spirit   .   b - +0 scale mail
rPois   .          Reflect  .   (no helmet)
rElec   .          Harm     .   (no cloak)
rCorr   .          Rampage  .   (no gloves)
Will    .....                   (no boots)
Stlth   ..........              (no amulet)
HPRegen 0.13/turn               (no ring)
MPRegen 0.09/turn               (no ring)

@: mighty
A: no striking features
a: no special abilities


You were on level 3 of the Dungeon.
You visited 1 branch of the dungeon, and saw 3 of its levels.

You collected 125 gold pieces.
You spent 26 gold pieces at shops.

Inventory:

Hand Weapons
 a - a +0 war axe (weapon)
Missiles
 l - a poisoned dart (quivered)
Armour
 b - a +0 scale mail (worn)
 c - a +0 buckler (worn)
Scrolls
 f - a scroll of magic mapping {unknown}
 h - 2 scrolls of identify
 j - a scroll of blinking {unknown}
 k - a scroll of immolation {unknown}
 m - 2 scrolls of fear {unknown}
Potions
 d - a potion of might
 e - a potion of invisibility {unknown}
 g - 2 potions of heal wounds {unknown}
 i - 2 potions of curing {unknown}


   Skills:
 + Level 4.4 Fighting
 + Level 3.9 Axes
 + Level 4.0 Armour
 + Level 4.0 Shields


You had 3 spell levels left.
You didn't know any spells.
Your spell library contained the following spells:

 Spells                   Type           Power      Damage    Failure   Level
 Frozen Ramparts          Ice            0%         1d2       98%         3
 Ice Form                 Ice/Tmut       0%         N/A       100%        4
 Summon Ice Beast         Ice/Summ       0%         N/A       100%        4


Dungeon Overview and Level Annotations

Branches:
Dungeon (3/15)

Altars:

Shops:
D:2 *?([

Annotations:
D:3 Grinder


Message History

Throw: 2 darts (poison)
Press: ? - help, Q - select action Shift-Dir - straight line, f/p - Grinder
Aim: Grinder (lightly wounded, poisoned, 53% to hit)
You throw a poisoned dart. The poisoned dart hits Grinder.
Grinder is lightly wounded.
Grinder gestures at you.
You suddenly lose the ability to move!
Grinder gestures at you. Pain shoots through your body! Grinder hits you.
You writhe in agony.
Grinder hits you.
You writhe in agony.
Grinder hits you but does no damage.
You can move again.
You hit Grinder.
Grinder is moderately wounded.
Grinder looks more healthy.
Grinder gestures at you. You resist with significant effort. Grinder hits you.
You writhe in agony.
You completely miss Grinder.
Grinder is moderately wounded.
Grinder gestures at you. Pain shoots through your body!
* * * LOW HITPOINT WARNING * * *
You feel very mighty all of a sudden. Grinder hits you but does no damage.
You closely miss Grinder.
Grinder is moderately wounded.
Grinder hits you.
* * * LOW HITPOINT WARNING * * *
You writhe in agony.
* * * LOW HITPOINT WARNING * * *
You barely miss Grinder.
Grinder is moderately wounded.
Grinder hits you but does no damage. Grinder closely misses you.
You slash Grinder!
Grinder is moderately wounded.
Grinder hits you.
* * * LOW HITPOINT WARNING * * *
You writhe in agony.
You die...

........ ...
S..... <. ....##.#
#..#..# #(...#
#(..####.
#.(......#
#.######...#.....
#.....@5..## ..#.
........†(........
........#.(#####..
......###.... .
...... #.###..
.#...( #.# # §.#..
... §#§#. ...


You could see Grinder.

Vanquished Creatures
  4 adders
  A worm (D:2)
  2 orcs (D:2)
  2 bats
  An endoplasm (D:1)
  4 giant cockroaches
  4 goblins
  6 hobgoblins
  4 jackals (D:2)
  4 kobolds
  3 quokkas
  9 ball pythons
  5 frilled lizards
  4 rats
53 creatures vanquished.

Notes
Turn   | Place    | Note
-------+----------+-------------------------------------------
     0 | D:1      | ChaosChampion the Hill Orc Fighter began the quest for the
                  | Orb.
     0 | D:1      | Reached XP level 1. HP: 19/19 MP: 1/1
   358 | D:1      | Reached XP level 2. HP: 26/27 MP: 2/2
   382 | D:1      | Found a faded altar of an unknown god.
   656 | D:1      | Reached XP level 3. HP: 33/33 MP: 3/3
   909 | D:2      | Found Hediom's Weapon Emporium.
  1354 | D:2      | Reached XP level 4. HP: 40/40 MP: 4/4
  1368 | D:2      | Found Fumuofei's General Store.
  1381 | D:2      | Bought a scroll of identify for 26 gold pieces
  1400 | D:2      | Found Borat's Magic Scroll Emporium.
  1697 | D:2      | Found Ketoref's Armour Shoppe.
  2133 | D:3      | Noticed Grinder
  2134 | D:3      | Paralysed by Grinder for 2 turns
  2292 | D:3      | Paralysed by Grinder for 6 turns
  2303 | D:3      | Slain by Grinder

Illustrated notes

Levels and vault maps discovered:
D:1:      wander_arrival_estate, layout_basic,
          nicolae_ecumenical_snake_handling, hex_medium
D:2:      layout_basic, serial_shops, shop_fountains, nicolae_shop_behind_doors,
          nicolae_shop_waterfront, nicolae_shop_hallway_plus
D:3:      layout_rooms, grunt_dithmenos_smoke_and_mirrors, serial_shops,
          nicolae_shop_waterfront, uniq_grinder, uniq_jessica

Skill      XL: |  1  2  3  4 |
---------------+-------------+-----
Axes           | 3 |  3.9
Fighting       | 4 |  4.4
Armour         | 4 |  4.0
Shields        | 4 |  4.0

Action                   |  1- 3 |  4- 6 || total
-------------------------+-------+-------++-------
Melee: War axe           |    98 |    61 ||   159
Throw: Dart              |       |     8 ||     8
  Use: Potion            |       |     1 ||     1
Armor: Scale mail        |    51 |    36 ||    87
Dodge: Dodged            |    40 |    26 ||    66
Block: Buckler           |    18 |    16 ||    34

Table legend: (Time is in decaauts)
 A = Elapsed time spent in this place.
 B = Non-inter-level travel time spent in this place.
 C = Inter-level travel time spent in this place.
 D = Time resting spent in this place.
 E = Time spent auto-exploring this place.
 F = Levels seen in this place.
 G = Mean time per level.
                   A        B        C        D        E       F      G
               +--------+--------+--------+--------+--------+-----+--------+
         Total |   2356 |   2313 |     43 |     73 |   1774 |   3 |  785.3 |
       Dungeon |   2356 |   2313 |     43 |     73 |   1774 |   3 |  785.3 |
               +--------+--------+--------+--------+--------+-----+--------+

Top non-repeatable levels by time:
     D:2: 1303 daAuts
     D:1: 931 daAuts
     D:3: 121 daAuts
